 Dungeon Crawl Stone Soup version 0.14-a0-155-gd989017 (webtiles) character file.

469 PolkaDot the Cutter (level 5, -2/39 HPs)
             Began as a Vampire Death Knight on Oct 5, 2013.
             Was a Believer of Yredelemnul.
             Succumbed to a kobold's poison
             ... on Level 4 of the Dungeon.
             The game lasted 00:10:51 (2268 turns).

PolkaDot the Cutter (Vampire Death Knight)          Turns: 2268, Time: 00:10:51

HP  -2/39        AC  3     Str 12      XL: 5   Next: 76%
MP   9/9         EV 10     Int 13      God: Yredelemnul [**....]
Gold 234         SH  0     Dex 14      Spells:  0 memorised,  4 levels left

Res.Fire  : . . .   See Invis. : +   a - +1 short sword
Res.Cold  : . . .   Warding    : .   b - +0 leather armour
Life Prot.: . . .   Conserve   : .   (no shield)
Res.Poison: .       Res.Corr.  : .   (no helmet)
Res.Elec. : .       Clarity    : .   (no cloak)
Sust.Abil.: . .     Spirit.Shd : .   (no gloves)
Res.Mut.  : .       Stasis     : .   (no boots)
Res.Rott. : .       Flight     : .   (no amulet)
Saprovore : . . .                    f - ring of sustenance
                                     h - ring of invisibility

@: regenerating quickly, extremely poisoned, very slightly contaminated, slowed,
very slow, slightly resistant to hostile enchantments, unstealthy
A: fangs 3, see invisible, unbreathing
a: Animate Remains, Recall Undead Slaves, Injury Mirror, Renounce Religion,
Evoke Invisibility


You were on level 4 of the Dungeon.
You worshipped Yredelemnul.
Yredelemnul was pleased with you.
You were very full.

You visited 1 branch of the dungeon, and saw 4 of its levels.

You collected 214 gold pieces.

Inventory:

Hand weapons
 a - a +1,+1 short sword (weapon)
Armour
 b - a +0 leather armour (worn)
Scrolls
 e - a scroll of recharging {unknown}
 g - 3 scrolls of identify
 i - 3 scrolls of remove curse
 k - a scroll of enchant weapon I
 l - a scroll of random uselessness
Jewellery
 f - a ring of sustenance (right hand)
 h - a ring of invisibility (left hand)
Potions
 c - 2 potions of restore abilities


   Skills:
 + Level 3.0 Fighting
 * Level 5.3 Short Blades
 - Level 0.7 Armour
 - Level 1.1 Dodging
 + Level 3.3 Invocations


You had 4 spell levels left.
You didn't know any spells.

Dungeon Overview and Level Annotations

Branches:
Dungeon (4/27)
 Temple: D:4-7

Altars:
Elyvilon


Innate Abilities, Weirdness & Mutations

Your natural rate of healing is unusually fast.
You have razor-sharp teeth.*
You have supernaturally acute eyesight.
You can survive without breathing.*


Message History

The hound barely misses you.
Read which item? (? for menu, Esc to quit)
As you read the scroll labeled UPUMECK FRUSH, it crumbles to dust.
You assume a fearsome visage.
The kobold looks frightened!
The hobgoblin looks frightened!
The kobold looks frightened!
The hound looks frightened!
It was a scroll of fear.
* * * LOW HITPOINT WARNING * * *
You feel very sick.
The hound turns to fight!
The hound bites you.
* * * LOW HITPOINT WARNING * * *
Read which item? (? for menu, Esc to quit)
As you read the scroll labeled OPNUCR ULYRPH, it crumbles to dust.
Blink to where?
Press: ? - help, Dir - move target cursor You are very lightly contaminated with residual magic.
It was a scroll of blinking.
* * * LOW HITPOINT WARNING * * *
You feel very sick.
You die...
Yredelemnul claims you as an undead slave.

... #.# #.# #.#
#.# #.# #.# #.#
#@# #.####### #
##.#....<##.###.#
........(.......#
####.###.##..##.#
#h###.#...#
#...KK(...#
#####.#...#
#.#...#


There were no monsters in sight!

Vanquished Creatures
  A big fish (D:3)
  2 orc wizards (D:3)
  Ijyb (D:2)
  3 adders (D:2)
  A giant mite (D:3)
  A worm (D:2)
  3 giant geckos
  2 oozes
  5 orcs (D:3)
  8 goblins
  7 hobgoblins
  6 jackals
  4 bats
  3 giant newts
  7 kobolds
  10 rats
64 creatures vanquished.

Vanquished Creatures (collateral kills)
  The ghost of thrall the Changer, a weakling LOTm (D:3)
1 creature vanquished.

Vanquished Creatures (others)
  2 orcs (D:3)
  A giant newt skeleton (D:3)
3 creatures vanquished.

Grand Total: 68 creatures vanquished

Notes
Turn   | Place    | Note
--------------------------------------------------------------
     0 | D:1      | PolkaDot, the Vampire Death Knight, began the quest for the Orb.
     0 | D:1      | Reached XP level 1. HP: 16/16 MP: 3/3
   132 | D:1      | Reached XP level 2. HP: 16/22 MP: 4/4
   299 | D:1      | Reached skill level 3 in Short Blades
   790 | D:2      | Noticed Ijyb
   812 | D:2      | Acquired Yredelemnul's second power
   812 | D:2      | Reached XP level 3. HP: 27/27 MP: 6/6
   836 | D:2      | Killed Ijyb
   933 | D:2      | Reached XP level 4. HP: 34/34 MP: 7/7
   994 | D:2      | Reached skill level 4 in Short Blades
  1524 | D:3      | Found a white marble altar of Elyvilon.
  1626 | D:3      | Reached XP level 5. HP: 6/39 MP: 9/9
  1628 | D:3      | HP: 1/39 [hobgoblin/orcish club (6)]
  1826 | D:3      | Reached skill level 5 in Short Blades
  1904 | D:3      | Noticed thrall's ghost (weakling LOTm)
  1938 | D:3      | Killed thrall's ghost
  2267 | D:4      | HP: 1/39 [poisoned by a kobold]
  2268 | D:4      | Succumbed to a kobold's poison

Action                   |  1- 3 |  4- 6 || total
-------------------------+-------+-------++-------
Melee: Short sword       |   143 |   173 ||   316
Invok: Animate Remains   |     3 |     4 ||     7
  Use: Potion            |     5 |     9 ||    14
       Scroll            |       |     5 ||     5
 Stab: Invisible         |       |     4 ||     4
